 Dungeon Crawl Stone Soup version 0.29-a0-243-g602b31c20e (webtiles) character file.

Game seed: 15614814778520556088

924 dolemite99 the Cudgeller (level 7, -6/50 HPs)
             Began as a Demonspawn Gladiator on Mar 4, 2022.
             Was a Priest of Qazlal.
             Killed from afar by a gnoll sergeant (16 damage)
             ... with an iceblast
             ... on level 4 of the Dungeon.
             The game lasted 00:04:45 (6139 turns).

dolemite99 the Cudgeller (Demonspawn Gladiator)     Turns: 6139, Time: 00:04:45

Health: -6/50      AC: 12    Str: 17    XL:     7   Next: 84%
Magic:  7/7        EV:  4    Int:  9    God:    Qazlal [***...]
Gold:   138        SH:  0    Dex: 14    Spells: 6/6 levels left

rFire   . . .      SeeInvis +   B - +2 flail (drain)
rCold   . . .      Faith    .   (no shield)
rNeg    . . .      Spirit   .   C - +0 chain mail
rPois   .          Reflect  .   c - +0 helmet
rElec   .          Harm     .   t - +0 cloak
rCorr   .          Rampage  .   k - +0 pair of gloves
Will    .....                   H - +0 pair of boots
Stlth   ..........              (no amulet)
HPRegen 0.16/turn               w - ring of see invisible
MPRegen 0.10/turn               j - +4 ring of slaying

@: lethally poisoned (-6 -> -35), held
A: foul stench 2, demonic touch 2
a: Renounce Religion, Upheaval, Elemental Force


You were on level 4 of the Dungeon.
You worshipped Qazlal.
Qazlal was most pleased with you.
You visited 1 branch of the dungeon, and saw 4 of its levels.

You collected 138 gold pieces.

Inventory:

Hand Weapons
 a - a +2 whip of venom
 q - a +0 dagger of venom
 v - a +0 hunting sling
 B - a +2 flail of draining (weapon)
 E - a +0 quarterstaff
Missiles
 d - 3 throwing nets (quivered)
 n - 90 stones
 D - 6 poisoned darts
Armour
 b - a +0 scale mail
 c - a +0 helmet (worn)
 f - a +0 ring mail
 k - a +0 pair of gloves (worn)
 t - a +0 cloak (worn)
 C - a +0 chain mail (worn)
 H - a +0 pair of boots (worn)
Jewellery
 j - a +4 ring of slaying (right hand)
 l - a ring of resist corrosion
 w - a ring of see invisible (left hand)
 A - a ring of magical power
 F - a ring of protection from fire
Wands
 r - a wand of flame (16)
Scrolls
 g - 3 scrolls of identify {unknown}
 h - a scroll of enchant weapon {unknown}
 i - 2 scrolls of vulnerability {unknown}
 m - 2 scrolls of immolation {unknown}
 o - 2 scrolls of amnesia {unknown}
 p - a scroll of fog {unknown}
 u - a scroll of magic mapping {unknown}
 x - a scroll of teleportation {unknown}
 y - a scroll of noise {unknown}
 z - 2 scrolls of enchant armour {unknown}
Potions
 e - a potion of attraction {unknown}
 s - 2 potions of resistance {unknown}
 G - a potion of flight {unknown}
 I - a potion of degeneration {unknown}


   Skills:
 - Level 2.0 Fighting
 + Level 6.2(7.3) Maces & Flails
 - Level 5.8(7.1) Staves
 - Level 1.7 Throwing
 - Level 2.6 Dodging


You had 6 spell levels left.
You didn't know any spells.
Your spell library contained the following spells:

 Spells                   Type           Power      Damage    Failure   Level
 Animate Skeleton         Necr           0%         N/A       100%        1
 Apportation              Tloc           0%         N/A       100%        1
 Slow                     Hex            0%         N/A       100%        1
 Sting                    Tmut/Pois      0%         1d3       100%        1
 Summon Small Mammal      Summ           0%         N/A       100%        1
 Corpse Rot               Necr/Air       0%         N/A       100%        2
 Poisonous Vapours        Pois/Air       0%         N/A       100%        2
 Confusing Touch          Hex            0%         N/A       100%        3
 Ignite Poison            Fire/Tmut/Pois 0%         N/A       100%        3
 Mephitic Cloud           Conj/Pois/Air  0%         N/A       100%        3
 Vampiric Draining        Necr           0%         2d6       100%        3
 Dispel Undead            Necr           0%         3d6       100%        4
 Olgreb's Toxic Radiance  Pois           0%         N/A       100%        4
 Freezing Cloud           Conj/Ice/Air   0%         6-21      100%        5
 Death Channel            Necr           0%         N/A       100%        6


Dungeon Overview and Level Annotations

Branches:
Dungeon (4/15)
 Temple: D:4-7

Altars:
Dithmenos
Qazlal


Innate Abilities, Weirdness & Mutations

You sometimes emit foul miasma when damaged in melee.
Your touch may inflict irresistible damage on your foes.


Message History

A gnoll comes into view. It is wielding a +0 flail.
The gnoll moves out of view.
A gnoll sergeant comes into view.
It is wielding a +3 spear of venom and carrying a wand of iceblast (7).
The gnoll shouts!
You hear a shout!
The gnoll hits you but does no damage.
A gnoll comes into view. It is wielding a +0 halberd.
The gnoll shouts!
The gnoll hits you with a +0 spear.
You barely miss the gnoll. Your touch misses the gnoll.
The gnoll completely misses you.
The gnoll hits you from afar with a +0 spear.
You sock the gnoll!
The gnoll is heavily wounded.
The gnoll hits you but does no damage.
The gnoll hits you from afar with a +0 spear.
You sock the gnoll!
You kill the gnoll!
Qazlal accepts your kill. The gnoll hits you but does no damage.
The gnoll barely misses you.
The gnoll sergeant hits you from afar with a +3 spear of venom!
You are poisoned.
Things that are here:
a +0 flail; a gnoll corpse You sock the gnoll!
You touch the gnoll.
You kill the gnoll!
Qazlal accepts your kill.
You feel very sick.
The gnoll sergeant hits you from afar with a +3 spear of venom.
You are more poisoned.
You are too injured to fight recklessly!
You sock the gnoll!
You kill the gnoll!
Qazlal accepts your kill.
* * * LOW HITPOINT WARNING * * *
You feel extremely sick.
The gnoll throws a throwing net.
The throwing net hits you.
You become entangled in the net!
The gnoll sergeant zaps a wand.
The mass of ice explodes!
The iceblast engulfs you!
You die...

...##..#.#.........####..###
.......#.)#........).....#
.......#.#.........####..#
.....#.###........###.#.##
...###.##........#'...#.#
....##.....#'#...#....#.##
.....#.#####.##gg#...##..###
..#....#).#...##)#...##.#..#
......[##......#@#.####.####
.......#########.######.#
........................# ###
.................)..#######.#
.......................###.##
.......#####..#............#
......## #...#.......###.#
....### ##..###.....# ###
...## #..# ##....#


You could see a gnoll sergeant and a gnoll.

Vanquished Creatures
  Duvessa (D:4)
  A phantom (D:4)
  A kobold brigand (D:3)
  2 scorpions (D:4)
  Dowan (D:4)
  A howler monkey (D:4)
  A jelly (D:4)
  Natasha (thrice) (D:3)
  Terence (D:2)
  2 iguanas
  3 orc wizards (D:4)
  7 adders
  3 gnolls (D:4)
  An ufetubus (D:4)
  4 worms
  4 dart slugs
  21 orcs
  4 bats
  7 endoplasms
  3 giant cockroaches
  6 goblins
  7 hobgoblins
  5 kobolds
  2 quokkas
  6 ball pythons
  2 frilled lizards (D:2)
  7 rats
106 creatures vanquished.

Notes
Turn   | Place    | Note
-------+----------+-------------------------------------------
     0 | D:1      | dolemite99 the Demonspawn Gladiator began the quest for the
                  | Orb.
     0 | D:1      | Reached XP level 1. HP: 16/16 MP: 1/1
   737 | D:1      | Gained mutation: You may rarely emit foul miasma when
                  | damaged in melee. [demonic ancestry]
   737 | D:1      | Reached XP level 2. HP: 22/22 MP: 2/2
  1120 | D:1      | Found a faded altar of an unknown god.
  1134 | D:1      | Prayed at the altar of an unknown god.
  1134 | D:1      | Became a worshipper of Qazlal Stormbringer
  1134 | D:1      | Reached * piety under Qazlal
  1798 | D:2      | Gained mutation: You sometimes emit foul miasma when
                  | damaged in melee. [demonic ancestry]
  1798 | D:2      | Reached XP level 3. HP: 27/27 MP: 3/3
  1960 | D:2      | Noticed Terence
  1976 | D:2      | Killed Terence
  1977 | D:2      | Discovered your monstrous ancestry.
  1977 | D:2      | Gained mutation: Your touch may inflict minor irresistible
                  | damage on your foes. [demonic ancestry]
  1977 | D:2      | Reached XP level 4. HP: 26/33 MP: 4/4
  2652 | D:3      | Noticed Natasha
  2664 | D:3      | Killed Natasha
  2665 | D:3      | Reached skill level 5 in Staves
  2744 | D:3      | Reached ** piety under Qazlal
  2801 | D:3      | Noticed Natasha
  2810 | D:3      | Killed Natasha
  2811 | D:3      | Gained mutation: Your touch may inflict irresistible damage
                  | on your foes. [demonic ancestry]
  2811 | D:3      | Reached XP level 5. HP: 38/38 MP: 5/5
  3538 | D:3      | Noticed Natasha
  3546 | D:3      | Killed Natasha
  3547 | D:3      | Reached skill level 1 in Maces & Flails
  3549 | D:3      | Reached skill level 2 in Maces & Flails
  3549 | D:3      | Reached XP level 6. HP: 15/44 MP: 6/6
  4392 | D:4      | Reached skill level 3 in Maces & Flails
  4547 | D:4      | Reached skill level 4 in Maces & Flails
  4550 | D:4      | Reached XP level 7. HP: 43/50 MP: 7/7
  4759 | D:4      | Reached skill level 5 in Maces & Flails
  4852 | D:4      | Reached *** piety under Qazlal
  5086 | D:4      | Noticed Dowan
  5088 | D:4      | Noticed Duvessa
  5499 | D:4      | Found a shadowy altar of Dithmenos.
  5568 | D:4      | Killed Duvessa
  5574 | D:4      | Killed Dowan
  5575 | D:4      | Reached skill level 6 in Maces & Flails
  6139 | D:4      | Killed from afar by a gnoll sergeant

Illustrated notes

Levels and vault maps discovered:
D:1:      roderic_dead_forest, layout_basic,
          dreamdust_ecumenical_altar_hidden_monk_grotto
D:2:      layout_loops_ring, uniq_terence
D:3:      layout_basic, uniq_natasha
D:4:      wad_crossroads, layout_layer_cave, grunt_dithmenos_smoke, hex_large,
          minmay_pentangle, uniq_duvessa

Skill      XL: |  1  2  3  4  5  6  7 |
---------------+----------------------+-----
Staves         | 3 4 5 |  5.8
Maces & Flails | 2 4 6 |  6.2
Fighting       | |  2.0
Throwing       | |  1.7
Dodging        | |  2.6

Action                   |  1- 3 |  4- 6 |  7- 9 || total
-------------------------+-------+-------+-------++-------
Melee: Quarterstaff      |    81 |    96 |       ||   177
       Flail             |       |    21 |    53 ||    74
       Touch             |       |     4 |     5 ||     9
       Punch             |       |       |     1 ||     1
Throw: Throwing net      |     2 |       |       ||     2
Evoke: Wand              |       |       |     2 ||     2
 Stab: Held in net/web   |     1 |       |       ||     1
Armor: Leather armour    |     5 |       |       ||     5
       Skin              |     3 |       |       ||     3
       Scale mail        |    27 |    30 |       ||    57
       Ring mail         |     1 |       |       ||     1
       Chain mail        |       |    23 |    30 ||    53
Dodge: Dodged            |    43 |    41 |    15 ||    99
Block: Other             |     2 |     9 |    11 ||    22

Table legend: (Time is in decaauts)
 A = Elapsed time spent in this place.
 B = Non-inter-level travel time spent in this place.
 C = Inter-level travel time spent in this place.
 D = Time resting spent in this place.
 E = Time spent auto-exploring this place.
 F = Levels seen in this place.
 G = Mean time per level.
                   A        B        C        D        E       F      G
               +--------+--------+--------+--------+--------+-----+--------+
         Total |   6168 |   5987 |    181 |   1602 |   3429 |   4 | 1542.0 |
       Dungeon |   6168 |   5987 |    181 |   1602 |   3429 |   4 | 1542.0 |
               +--------+--------+--------+--------+--------+-----+--------+

Top non-repeatable levels by time:
     D:4: 1907 daAuts
     D:3: 1905 daAuts
     D:1: 1496 daAuts
     D:2: 859 daAuts
